 Dungeon Crawl Stone Soup version 0.27-a0-1193-g8631133539 (webtiles) character file.

Game seed: 2047842975764470301

63 quinnr the Ruffian (level 4, 0/39 HPs)
             Began as a Naga Transmuter on May 27, 2021.
             Slain by a gnoll
             ... wielding a +0 club
              (5 damage)
             ... on level 2 of the Dungeon.
             The game lasted 00:06:32 (1120 turns).

quinnr the Ruffian (Naga Transmuter)                Turns: 1120, Time: 00:06:33

Health: 0/39       AC:  3    Str: 13    XL:     4   Next: 9%
Magic:  1/7        EV: 10    Int: 13    God:
Gold:   63         SH:  0    Dex: 12    Spells: 3/7 levels left

rFire    . . .     SeeInvis +   d - +1 hunting sling (flame)
rCold    . . .     Faith    .   (no shield)
rNeg     . . .     Spirit   .   a - +0 robe
rPois    +         Reflect  .   (helmet restricted)
rElec    .         Harm     .   (no cloak)
rCorr    .         Rampage  .   i - +0 pair of gloves
Will     .....                  (no barding)
Stlth    ++........             (no amulet)
HPRegen  0.13/turn              (no ring)
MPRegen  0.10/turn              (no ring)

@: wereblooded, very slightly contaminated, invisible, very slow
A: AC +1, large, see invisible, deformed body, poison resistance, slowness 2,
spit poison 1, naga tail 1, antennae 1, stinger 1
a: Spit Poison


You were on level 2 of the Dungeon.
You visited 1 branch of the dungeon, and saw 2 of its levels.

You collected 63 gold pieces.

Inventory:

Hand Weapons
 d - a +1 hunting sling of flaming (weapon)
Missiles
 b - 12 poisoned darts
 h - 10 stones (quivered ammo)
Armour
 a - a +0 robe (worn)
 i - a +0 pair of gloves (worn)
Scrolls
 e - a scroll of vulnerability {unknown}
 j - a scroll of identify {unknown}
 k - a scroll of enchant weapon {unknown}
Potions
 f - a potion of flight {unknown}


   Skills:
 + Level 1.7 Fighting
 - Level 1.9(2.0) Slings
 - Level 2.0 Dodging
 - Level 2.0 Stealth
 - Level 3.0 Unarmed Combat
 - Level 2.0 Spellcasting
 - Level 2.0 Transmutations
 + Level 0.7 Air Magic


You had 3 spell levels left.
You knew the following spells:

 Your Spells              Type           Power      Damage    Failure   Level
a - Beastly Appendage     Tmut           12%        N/A       11%         1
b - Wereblood             Tmut           6%         N/A       17%         2
c - Shock                 Conj/Air       8%         1d3       22%         1

Your spell library contained the following spells:

 Spells                   Type           Power      Damage    Failure   Level
 Spider Form              Tmut/Pois      1%         N/A       45%         3
 Ice Form                 Ice/Tmut       3%         N/A       86%         4
 Fulminant Prism          Conj/Hex       0%         3d6       94%         4
 Hydra Form               Tmut           3%         N/A       97%         5
 Irradiate                Conj/Tmut      1%         3d13      99%         5
 Iron Shot                Conj/Erth      0%         9d1       100%        6


Dungeon Overview and Level Annotations

Branches:
Dungeon (2/15)

Altars:


Innate Abilities, Weirdness & Mutations

Your serpentine skin is tough. (AC +1)
You have supernaturally acute eyesight. (SInv)
Armour fits poorly on your strangely shaped body.
Your system is resistant to poisons. (rPois)
You cover ground very slowly.
You can spit poison.
You have a snake-like lower body.
You have a pair of small antennae on your head.
Your tail ends in a poisonous barb.


Message History

You howl as the wereblood boils in your veins!
The gnoll barely misses you.
Fire: 14 stones
Press: ? - help, Q - select action, (/) - cycle Shift-Dir - straight line, f/p - gnoll
Aim: a gnoll, wielding a +0 club (severely wounded, 64% to hit)
You shoot a stone. The stone hits the gnoll.
The stone burns the gnoll.
The gnoll is severely wounded.
The gnoll barely misses you.
Fire: 13 stones
Press: ? - help, Q - select action, (/) - cycle Shift-Dir - straight line, f/p - gnoll
Aim: a gnoll, wielding a +0 club (severely wounded, 64% to hit)
You shoot a stone. The stone hits the gnoll.
The stone burns the gnoll.
You kill the gnoll!
Training target 2.0 for Dodging reached!
Training target 2.0 for Stealth reached!
Your Dodging skill increases to level 2!
Your Stealth skill increases to level 2!
You have reached level 4!
You feel stronger.
Fire: 12 stones
Press: ? - help, Q - select action, (/) - cycle Shift-Dir - straight line, f/p - gnoll
Aim: a gnoll, wielding a +0 club (severely wounded, 65% to hit)
You shoot a stone. The stone closely misses the gnoll.
The stone hits the gnoll!
The stone burns the gnoll.
The gnoll is severely wounded.
The gnoll hits you but does no damage.
Fire: 11 stones
Press: ? - help, Q - select action, (/) - cycle Shift-Dir - straight line, f/p - gnoll
Aim: a gnoll, wielding a +0 club (severely wounded, 65% to hit)
You shoot a stone. The stone hits the gnoll.
The stone burns the gnoll.
The gnoll is almost dead.
You howl as the wereblood boils in your veins!
The gnoll hits you with a +0 club.
* * * LOW HITPOINT WARNING * * *
It was a potion of mutation.
You feel extremely strange.
A poisonous barb forms on the end of your tail.
A pair of antennae grows on your head! The gnoll hits you with a +0 club.
You die...

.#####...####
......<.....#
.#####...##.# ###
#..........# ...
####......... ..#
.####....##.#. #.#
.........## # #.#
######...##.# #.#
............#. #@#
######.#...... #g# #
######.#)##....#g#.# #
.......#.##.#..#g#.# .##
#####..#........)..#...#
#..#..#....#(###.#.#<
#.......#..#...(.....
#.......#..#.........
#...#...#..#(........


You could see 2 gnolls and a hobgoblin.

Vanquished Creatures
  2 gnolls (D:2)
  2 adders (D:2)
  A dart slug (D:1)
  3 endoplasms
  A giant cockroach (D:2)
  4 goblins (D:1)
  2 hobgoblins (D:1)
  2 ball pythons
  2 bats (D:1)
  3 frilled lizards
  A kobold (D:1)
  2 rats
25 creatures vanquished.

Notes
Turn   | Place    | Note
-------+----------+-------------------------------------------
     0 | D:1      | quinnr the Naga Transmuter began the quest for the Orb.
     0 | D:1      | Reached XP level 1. HP: 18/18 MP: 3/3
    74 | D:1      | quinnr: ??app
    74 | D:1      | beem: beastly appendage[1/2]: L1 Transmutations spell found
                  | in the {Book of Changes}. Melds helmets and boot, and gives
                  | two levels earch of horns and talons. Octopodes get a
                  | tentacle spike instead of talons.
    74 | D:1      | quinnr: ??app[2
    74 | D:1      | beem: beastly appendage[2/2]: Prior to 0.26, gave one level
                  | of either horns or talons at random and didn't meld
                  | equipment.
    74 | D:1      | quinnr: ??help
    74 | D:1      | beem: help[1/5]: !help (I need somebody) !help (not just
                  | anybody) Try
                  | https://github.com/crawl/sequell/blob/master/docs/listgame.
                  | md or
                  | https://github.com/crawl/sequell/blob/master/docs/learndb.m
                  | d
   683 | D:1      | Reached skill level 1 in Slings
   683 | D:1      | Reached XP level 2. HP: 25/25 MP: 5/5
   687 | D:1      | Learned a level 2 spell: Wereblood
   687 | D:1      | quinnr: wereblood??
   687 | D:1      | beem: A level 2 Transmutations spell which makes some
                  | noise, but gives you a slaying bonus for each monster you
                  | kill while it is active. Replaced {Song of Slaying} in
                  | 0.26.
   994 | D:2      | Reached XP level 3. HP: 31/31 MP: 6/6
  1011 | D:2      | Identified Sif Muna's Guide on Floating Attacks
  1013 | D:2      | quinnr: irradiate??
  1013 | D:2      | beem: L5 Tm/Cj. Does 6d(5+Power/12) damage to all adjacent
                  | enemies and {malmutate}s them, at the cost of significant
                  | contam (zero to yellow in 3-4 casts). Contamination from
                  | one cast is 1000+1d500.
  1013 | D:2      | quinnr: irradiate??[2
  1013 | D:2      | quinnr: irradiate[2??
  1013 | D:2      | beem: Examined monster is malmutated; -8 AC, -25% HD (for
                  | spellpower, accuracy, etc). In 0.16, stacked for -4 AC &
                  | -10% HD a hit; in 0.15 and earlier, stacked & gave speed,
                  | armour, evasion & damage penalties. Also, it was permanent
                  | (unless cured by Beogh).
  1015 | D:2      | Learned a level 1 spell: Shock
  1034 | D:2      | Reached skill level 1 in Stealth
  1118 | D:2      | Reached XP level 4. HP: 9/39 MP: 1/7
  1120 | D:2      | Gained mutation: Your tail ends in a poisonous barb.
                  | [potion of mutation]
  1120 | D:2      | Gained mutation: You have a pair of small antennae on your
                  | head. [potion of mutation]
  1120 | D:2      | Slain by a gnoll

Illustrated notes

Levels and vault maps discovered:
D:1:      dpeg_arrival_leaves_temple_mockup, layout_basic, chequers_jeans
D:2:      layout_basic, hellmonk_ecumenical_altar_lost_god

Skill      XL: |  1  2  3 |
---------------+----------+-----
Slings         | 1 |  1.9
Stealth        | 2 |  2.0
Dodging        | 2 |  2.0
Fighting       | |  1.7
Unarmed Combat | |  3.0
Spellcasting   | |  2.0
Transmutations | |  2.0
Air Magic      | |  0.7

Action                   |  1- 3 |  4- 6 || total
-------------------------+-------+-------++-------
Melee: Unarmed           |    10 |       ||    10
       Headbutt          |     1 |       ||     1
 Fire: Hunting sling     |    53 |     2 ||    55
 Cast: Beastly Appendage |     5 |       ||     5
       Wereblood         |     5 |       ||     5
       Shock             |     3 |       ||     3
  Use: Potion            |     1 |     1 ||     2
Armor: Robe              |     2 |     1 ||     3
Dodge: Dodged            |    27 |       ||    27

Table legend: (Time is in decaauts)
 A = Elapsed time spent in this place.
 B = Non-inter-level travel time spent in this place.
 C = Inter-level travel time spent in this place.
 D = Time resting spent in this place.
 E = Time spent auto-exploring this place.
 F = Levels seen in this place.
 G = Mean time per level.
                   A        B        C        D        E       F      G
               +--------+--------+--------+--------+--------+-----+--------+
         Total |   1420 |   1286 |    134 |     84 |    976 |   2 |  710.0 |
       Dungeon |   1420 |   1286 |    134 |     84 |    976 |   2 |  710.0 |
               +--------+--------+--------+--------+--------+-----+--------+

Top non-repeatable levels by time:
     D:1: 1229 daAuts
     D:2: 191 daAuts
